 Dungeon Crawl Stone Soup version 0.18-b1-10-g3f7de93 (webtiles) character file.

105 Lovchig the Insei (level 4, 0/35 HPs)
             Began as a Vampire Monk on Apr 29, 2016.
             Was a Believer of Nemelex Xobeh.
             Shot with an arrow by a centaur (8 damage)
             ... on level 3 of the Dungeon.
             The game lasted 00:14:05 (2188 turns).

Lovchig the Insei (Vampire Monk)                    Turns: 2188, Time: 00:14:05

Health: 0/35       AC:  4    Str: 11    XL:     4   Next: 54%
Magic:  4/4        EV: 14    Int: 12    God:    Nemelex Xobeh [**....]
Gold:   117        SH:  0    Dex: 16    Spells: 0 memorised, 3 levels left

rFire  . . .     SeeInvis +       - Unarmed
rCold  . . .     Gourm    .     a - +0 robe
rNeg   . . .     Faith    .     (no shield)
rPois  .         Spirit   .     o - +2 hat
rElec  .         Dismiss  .     (no cloak)
rCorr  .         Reflect  .     (no gloves)
SustAt +         Harm     .     (no boots)
MR     .....                    y - amulet of rage
Stlth  +++.......               n - ring of see invisible
                                c - ring of sustain attributes

@: regenerating quickly, not resistant to hostile enchantments, fairly stealthy
A: fangs 3, see invisible, unbreathing
a: Renounce Religion, Evoke Berserk Rage


You were on level 3 of the Dungeon.
You worshipped Nemelex Xobeh.
Nemelex Xobeh was pleased with you.
You were very full.

You visited 1 branch of the dungeon, and saw 3 of its levels.

You collected 117 gold pieces.

Inventory:

Hand Weapons
 j - a +1 dagger of speed
Armour
 a - a +0 robe (worn)
 o - a +2 hat (worn)
Jewellery
 c - a ring of sustain attributes (left hand)
 g - an uncursed amulet of regeneration
 i - an uncursed amulet of magic regeneration
 k - an uncursed ring of ice
 n - a ring of see invisible (right hand)
 u - an uncursed amulet of inaccuracy
 y - an amulet of rage (around neck)
Scrolls
 f - 3 scrolls of remove curse
 m - a scroll of teleportation {unknown}
 w - a scroll of blinking {unknown}
 x - a scroll of fear {unknown}
Potions
 b - a potion of blood
 d - 2 potions of flight {unknown}
 e - 2 potions of curing
 h - a potion of magic {unknown}
 p - 3 potions of degeneration {unknown}
 q - a potion of resistance {unknown}
 v - a potion of lignification {unknown}
Miscellaneous
 r - a plain deck of destruction
 s - a plain deck of destruction
 t - a plain deck of destruction


   Skills:
 * Level 3.1 Fighting
 * Level 4.4 Dodging
 * Level 4.1 Stealth
 * Level 5.1 Unarmed Combat


You had 3 spell levels left.
You didn't know any spells.

Dungeon Overview and Level Annotations

Branches:
Dungeon (3/15)

Altars:
Dithmenos
Fedhas
Kikubaaqudgha
Nemelex Xobeh
Pakellas
Trog
Vehumet


Innate Abilities, Weirdness & Mutations

Your natural rate of healing is unusually fast.
You have razor-sharp teeth.
You have supernaturally acute eyesight.
You can survive without breathing.


Message History

The centaur wields a shortbow.
The centaur shoots an arrow.
The arrow hits you.
You see here an arrow.
The centaur shoots an arrow.
The arrow hits you!
The centaur shoots an arrow.
The arrow hits you!
You see here 2 arrows.
The centaur shoots an arrow.
The arrow hits you.
* * * LOW HITPOINT WARNING * * *
The centaur shoots an arrow.
The arrow closely misses you.
You see here an arrow.
The centaur shoots an arrow.
The arrow barely misses you.
The centaur shoots an arrow.
The arrow closely misses you.
You see here 2 arrows.
A centaur is nearby!
As you read the scroll labeled WERIWI ZICOPS, it crumbles to dust.
It is a scroll of identify.
Identify which item? (\ to view known items) (? for menu, Esc to quit)
e - 2 potions of curing The centaur shoots an arrow.
The arrow hits you!
You die...
Your body glows slightly and disappears.

..§.§..# ### .§§_.§.#
##########.## ..§.§§...
.......<..>.# ........#
##########.## .####...#
#.# .# ### #.# .#######
#.# #.......
.##########%### .#######
.......@(.....#
^.#######..######.##.#.#
......... #####(##.#.#
......... #...(....#.#
.########
#.###.##.#.##### <## #.#
#.##....†..# ).#
#.##..c#.#.###.# #.#
#.##.....#.# #.# #.#
#######.##...#.#.# #.#


You could see a centaur (invisible).

Vanquished Creatures
  Terence (D:2)
  4 dart slugs
  2 giant geckos
  An orc (D:3)
  3 giant cockroaches
  5 goblins
  9 hobgoblins
  3 jackals (D:2)
  A quokka (D:3)
  13 bats
  4 giant newts
  12 kobolds
  8 rats
66 creatures vanquished.

Notes
Turn   | Place    | Note
--------------------------------------------------------------
     0 | D:1      | Lovchig the Vampire Monk began the quest for the Orb.
     0 | D:1      | Reached XP level 1. HP: 17/17 MP: 1/1
   132 | D:1      | Reached XP level 2. HP: 4/23 MP: 2/2
   593 | D:1      | Reached XP level 3. HP: 28/28 MP: 3/3
   902 | D:2      | Noticed Terence
   917 | D:2      | Killed Terence
   917 | D:2      | Reached skill level 5 in Unarmed Combat
   962 | D:2      | Reached XP level 4. HP: 34/35 MP: 4/4
  1494 | D:2      | Found a bloodstained altar of Trog.
  1500 | D:2      | Found a sparkling altar of Nemelex Xobeh.
  1500 | D:2      | Found an oddly glowing altar of Pakellas.
  1501 | D:2      | Found a shadowy altar of Dithmenos.
  1507 | D:2      | Found a blossoming altar of Fedhas.
  1508 | D:2      | Found an ancient bone altar of Kikubaaqudgha.
  1511 | D:2      | Became a worshipper of Nemelex Xobeh the Trickster
  1511 | D:2      | Received a gift from Nemelex Xobeh
  1511 | D:2      | Reached * piety under Nemelex Xobeh
  1511 | D:2      | Received a gift from Nemelex Xobeh
  1511 | D:2      | Received a gift from Nemelex Xobeh
  1511 | D:2      | Reached ** piety under Nemelex Xobeh
  2023 | D:3      | Found a radiant altar of Vehumet.
  2158 | D:3      | Noticed a centaur
  2188 | D:3      | Shot with an arrow by a centaur

Skill      XL: |  1  2  3  4 |
---------------+-------------+-----
Fighting       | 3 |  3.1
Unarmed Combat | 5 |  5.1
Dodging        | 4 |  4.4
Stealth        | 4 |  4.1

Action                   |  1- 3 |  4- 6 || total
-------------------------+-------+-------++-------
Melee: Unarmed           |   134 |    74 ||   208
       Bite              |    12 |     6 ||    18
       Punch             |     1 |     3 ||     4
  Use: Scroll            |       |     2 ||     2
 Stab: Sleeping          |    11 |     8 ||    19
  Eat: Corpse            |     7 |    12 ||    19
Armor: Robe              |    32 |    20 ||    52
Dodge: Dodged            |   127 |    65 ||   192
